 Dungeon Crawl Stone Soup version 0.30.0-30-g96aa6591b8 (webtiles) character file.

Game seed: 16766643392578832554

182 Eitelfritz the Chopper (level 5, -6/47 HPs)
             Began as a Hill Orc Fighter on June 30, 2023.
             Killed from afar by Grinder (17 damage)
             ... with a bolt of light
             ... on level 3 of the Dungeon.
             The game lasted 00:04:37 (2661 turns).

Eitelfritz the Chopper (Hill Orc Fighter)           Turns: 2661, Time: 00:04:38

Health: -6/47      AC: 10    Str: 27    XL:     5   Next: 61%
Magic:  5/5        EV: 10    Int:  8    God:
Gold:   88         SH:  0    Dex: 10    Spells: 4/4 levels left

rFire   . . .        a - +0 war axe
rCold   . . .        c - +0 buckler
rNeg    . . .        s - +0 scale mail
rPois   .            m - +0 helmet
rElec   .            p - +0 cloak
rCorr   .            q - +0 pair of gloves
SInv    .            (no boots)
Will    .....        (no amulet) Stlth
                     u - +6 ring of strength
HPRegen 0.27/turn    (no ring)
MPRegen 0.09/turn

%: no passive effects
@: confused, mighty
A: no striking features
a: no special abilities


You were on level 3 of the Dungeon.
You visited 1 branch of the dungeon, and saw 3 of its levels.

You collected 88 gold pieces.

Inventory:

Hand Weapons
 a - a +0 war axe (weapon)
 b - a +0 sling
Missiles
 o - a throwing net (quivered)
 v - 6 poisoned darts
Armour
 c - a +0 buckler (worn)
 m - a +0 helmet (worn)
 p - a +0 cloak (worn)
 q - a +0 pair of gloves (worn)
 s - a +0 scale mail (worn)
Jewellery
 u - a +6 ring of strength (left hand)
Scrolls
 e - 3 scrolls of identify {unknown}
 f - 2 scrolls of noise {unknown}
 j - a scroll of immolation {unknown}
 l - 3 scrolls of enchant weapon {unknown}
 n - 2 scrolls of teleportation {unknown}
 r - a scroll of vulnerability {unknown}
Potions
 g - a potion of lignification {unknown}
 h - 2 potions of curing {unknown}
 i - a potion of haste {unknown}
 k - 3 potions of mutation {unknown}
 t - a potion of brilliance {unknown}


   Skills:
 + Level 4.4 Fighting
 + Level 4.8 Axes
 + Level 3.9 Armour
 + Level 1.1 Dodging
 + Level 0.1 Stealth
 + Level 4.3 Shields


You had 4 spell levels left.
You didn't know any spells.
Your spell library contained the following spells:

 Spells                   Type           Power      Damage    Failure   Level
 Sandblast                Erth           0%         2d4       73%         1
 Passwall                 Tmut/Erth      0%         N/A       86%         2
 Stone Arrow              Conj/Erth      0%         3d7       97%         3


Dungeon Overview and Level Annotations

Branches:
Dungeon (3/15)

Altars:
Uskayaw

Annotations:
D:3 Grinder


Message History

Grinder is nearby!
You closely miss Grinder. Grinder hits you.
You writhe in agony.
You completely miss Grinder. Grinder hits you but does no damage.
Grinder gestures at you.
You suddenly lose the ability to move!
Grinder hits you but does no damage. x2
You can move again.
You feel very mighty all of a sudden. Grinder hits you.
You writhe in agony.
You slash Grinder!
Grinder is lightly wounded.
Grinder blinks!
Grinder closely misses you.
You hit Grinder.
Grinder is moderately wounded.
Grinder hits you.
You writhe in agony.
You barely miss Grinder.
Grinder is moderately wounded.
Grinder blinks!
Grinder blinks!
There is a stone staircase leading up here.
Grinder blinks!
Grinder attacks as you move away! Grinder closely misses you.
You barely miss Grinder.
Grinder is moderately wounded.
Grinder zaps a wand.
The bolt of light hits you.
You barely miss Grinder.
Grinder is moderately wounded.
Grinder hits you!
You writhe in agony.
Grinder hits you.
* * * LOW HITPOINT WARNING * * *
You writhe in agony.
* * * LOW HITPOINT WARNING * * *
You slash Grinder!
Grinder is heavily wounded.
Grinder hits you but does no damage.
You closely miss Grinder.
Grinder is heavily wounded.
Grinder zaps a wand.
The bolt of light hits you!
You are confused.
You die...

####### ############
#####.....# #...........
#.#.#.#.#.## #.##########
...........###.##########
#.#.#.#.#.##...............
.......†...####..####.#####
.#.#.#.#.#5.............##
..........@####<.####......
#.#.#.#.#.## #..# #..#.##
.........# #..# #..#...
#.#.#.#.## #..# #..####
..........####..####..####
#.#.#.#.#.##.......).......
## .....## #...........###.
## #..#...###).....
#..#........###.


You could see Grinder.

Vanquished Creatures
  Robin (D:2)
  4 gnolls (D:2)
  5 adders
  2 worms
  A dart slug (D:1)
  3 ball pythons
  8 endoplasms
  2 giant cockroaches
  8 hobgoblins
  7 jackals
  5 quokkas
  3 bats
  4 frilled lizards
  13 goblins
  7 kobolds
  2 rats
75 creatures vanquished.

Notes
Turn   | Place    | Note
-------+----------+-------------------------------------------
     0 | D:1      | Eitelfritz the Hill Orc Fighter began the quest for the
                  | Orb.
     0 | D:1      | Reached XP level 1. HP: 19/19 MP: 1/1
   176 | D:1      | Reached XP level 2. HP: 26/27 MP: 2/2
   956 | D:2      | Reached XP level 3. HP: 26/33 MP: 3/3
  1135 | D:2      | Reached XP level 4. HP: 19/40 MP: 4/4
  1137 | D:2      | Noticed Robin
  1302 | D:2      | Killed Robin
  1360 | D:2      | Found a faded altar of an unknown god.
  1776 | D:2      | Reached XP level 5. HP: 35/46 MP: 5/5
  1820 | D:2      | Identified the +1 robe "Ymucrep" {Int+2}
  1840 | D:2      | Reached skill level 1 in Dodging
  2335 | D:3      | Found a hide-covered altar of Uskayaw.
  2469 | D:3      | Noticed Grinder
  2643 | D:3      | Paralysed by Grinder for 3 turns
  2661 | D:3      | Killed from afar by Grinder

Illustrated notes

Levels and vault maps discovered:
D:1:      onia_arrival_mini_spirals, layout_basic
D:2:      layout_loops_ring, nicolae_ecumenical_pavilion, uniq_robin
D:3:      layout_loops_ring, nicolae_uskayaw_suspiria, st_stairs_11,
          uniq_grinder

Skill      XL: |  1  2  3  4  5 |
---------------+----------------+-----
Axes           | 3 4 |  4.8
Fighting       | 4 |  4.4
Shields        | 4 |  4.3
Dodging        | 1 |  1.1
Armour         | |  3.9
Stealth        | |  0.1

Action                     |  1- 3 |  4- 6 || total
---------------------------+-------+-------++-------
  Melee: War axe           |    69 |   154 ||   223
    Use: Potion            |       |     1 ||     1
 Armour: Scale mail        |    29 |   101 ||   130
  Dodge: Dodged            |    37 |    76 ||   113
  Block: Buckler           |    17 |    43 ||    60
